AoeStats
← RatZakk

Lombardia

508778489Analyzed
4v4 RM · 8d ago on Sep 24, 2026· 79m 27s· 8 players
Game mode
Random Map
Map size
Large (8 player)
Population
200
Speed
Normal
Resources
Standard
Victory
Conquest
Starting age
Dark Age
Ending age
Imperial Age
RankedLock teamsTeams togetherTeam positionsShared explorationLock speedFull tech treeHidden civsTurbo modeCheats
Victory
Defeat
🇲🇽 Maya · Mexico
1251
+16
🇺🇸 Inca · United States
1237
+16
🇨🇴 Dravidians · Colombia
1227
+17
🇺🇸 Italians · United States
1226
+17
🇺🇸 Varangians · United States
1290
-18
🇺🇸 Danes · United States
1271
-18
🇺🇸 Inca · United States
1229
-16
🇺🇸 Saxons · United States
1186
-14
Skanderbeg
8:06 Loom
10:41 Feudal Age
14:29 Castle Age
12:35 Stone Mining
12:59 Double-Bit Axe
15:43 Horse Collar
18:04 Gold Mining
21:07 Bow Saw
24:07 Wheelbarrow
32:11 Imperial Age
30:03 Silk Road
29:52 Heavy Plow
30:29 Stone Shaft Mining
29:46 Fletching
29:57 Padded Archer Armor
31:45 Hand Cart
31:16 Town Watch
32:24 Ballistics
32:15 Fortified Wall
32:51 Bodkin Arrow
33:43 Leather Archer Armor
34:23 Conscription
34:42 Bracer
35:20 Hoardings
35:58 Chemistry
34:55 Murder Holes
36:21 Ring Archer Armor
37:53 Elite Genoese Crossbowman
39:04 Caravan
40:14 Pirotechnia
40:12 Thumb Ring
41:22 Crop Rotation
58:22 Scale Barding Armor
58:28 Forging
58:45 Light Cavalry
59:35 Bloodlines
59:26 Husbandry
59:53 Chain Barding Armor
59:37 Hussar
61:48 Two-Man Saw
63:37 Coinage
64:29 Iron Casting
64:30 Plate Barding Armor
67:37 Blast Furnace
73:28 Cavalier
Zenar
11:34 Feudal Age
13:50 Loom
16:45 Castle Age
15:34 Champi Runner
18:01 Double-Bit Axe
17:59 Horse Collar
19:06 Wheelbarrow
19:45 Bow Saw
20:43 Heavy Plow
24:41 Gold Mining
27:05 Squires
28:48 Hand Cart
31:59 Imperial Age
30:31 Hand Cart
31:11 Gold Shaft Mining
30:31 Stone Mining
30:32 Treadmill Crane
32:09 Stone Shaft Mining
32:36 Scale Mail Armor
32:33 Town Watch
32:48 Elite Kamayuk
33:28 Fabric Shields
33:49 Conscription
34:10 Chain Mail Armor
34:05 Forging
34:50 Fortified Wall
34:51 Masonry
37:12 Plate Mail Armor
37:17 Iron Casting
36:29 Arson
37:24 Caravan
39:48 Capped Ram
40:54 Siege Ram
42:09 Siege Engineers
44:21 Blast Furnace
43:12 Fletching
44:51 Crop Rotation
52:11 Onager
56:02 Bodkin Arrow
56:38 Ballistics
56:15 Murder Holes
57:22 Chemistry
57:46 Hoardings
58:05 Bracer
58:39 Coinage
63:04 Champi Runner
66:58 Champi Warrior
69:49 Elite Champi Warrior
71:11 Banking
76:36 Town Patrol
RatZakk
11:19 Loom
13:04 Feudal Age
18:56 Castle Age
17:48 Horse Collar
18:27 Double-Bit Axe
20:16 Scale Mail Armor
20:29 Pikeman
22:02 Wheelbarrow
23:51 Heavy Plow
25:57 Forging
31:36 Imperial Age
29:25 Squires
29:44 Chain Mail Armor
30:04 Iron Casting
30:46 Gambesons
32:37 Wootz Steel
31:43 Halberdier
31:45 Man-at-Arms
33:11 Plate Mail Armor
35:52 Fletching
36:02 Padded Archer Armor
36:25 Ballistics
37:06 Chemistry
36:05 Elite Elephant Archer
36:58 Medical Corps
36:56 Bodkin Arrow
37:49 Hand Cart
37:47 Bow Saw
38:38 Husbandry
38:53 Bracer
38:56 Murder Holes
39:26 Thumb Ring
41:42 Conscription
42:39 Leather Archer Armor
44:03 Long Swordsman
44:49 Two-Handed Swordsman
46:52 Blast Furnace
46:10 Champion
49:56 Ring Archer Armor
53:55 Caravan
55:48 Arson
66:56 Fortified Wall
78:05 Town Watch
78:36 Masonry
SenorLeyenda561
0:33 Loom
11:09 Feudal Age
12:25 Double-Bit Axe
15:59 Castle Age
15:22 Horse Collar
21:53 Wheelbarrow
28:40 Gold Mining
28:57 Stone Mining
29:02 Crossbowman
31:13 Fletching
31:23 Padded Archer Armor
35:32 Imperial Age
35:42 Imperial Age
33:54 Thumb Ring
34:00 Bodkin Arrow
34:20 Leather Archer Armor
33:34 Elite Skirmisher
35:18 Leather Archer Armor
36:01 Bow Saw
36:33 Ballistics
36:26 Bracer
35:50 Arbalester
37:37 Chemistry
37:36 Ring Archer Armor
37:18 Forging
37:08 Scale Mail Armor
36:31 Pikeman
39:09 Fortified Wall
40:56 Onager
46:43 Hul'che Javelineers
48:41 Eagle Warrior
51:18 Iron Casting
50:59 Chain Mail Armor
51:52 Two-Man Saw
53:04 Caravan
63:54 Plate Mail Armor
64:54 Blast Furnace
64:55 Squires
65:30 Elite Eagle Warrior
66:43 Holcans
66:35 Conscription
67:59 Arson
71:19 Hand Cart
70:51 Town Watch
71:52 Capped Ram
73:31 Siege Ram
73:36 Man-at-Arms
74:27 Long Swordsman
75:44 Two-Handed Swordsman
ClankyDolphin92
10:12 Feudal Age
11:57 Horse Collar
14:07 Loom
14:58 Wheelbarrow
19:15 Castle Age
18:43 Double-Bit Axe
19:01 Gold Mining
22:11 Hand Cart
23:09 Bow Saw
26:30 Heavy Plow
27:55 Gold Shaft Mining
34:21 Imperial Age
31:43 Elite Skirmisher
32:18 Fletching
32:29 Scale Mail Armor
32:41 Forging
33:16 Thumb Ring
34:03 Andean Sling
34:46 Bodkin Arrow
35:07 Chain Mail Armor
35:28 Iron Casting
34:54 Padded Archer Armor
34:53 Capped Ram
36:02 Conscription
35:51 Bracer
37:34 Chemistry
36:39 Siege Ram
38:28 Fabric Shields
39:51 Leather Archer Armor
40:37 Blast Furnace
39:00 Elite Kamayuk
40:50 Siege Engineers
41:06 Ballistics
41:32 Ring Archer Armor
43:18 Crop Rotation
44:55 Plate Mail Armor
45:10 Hoardings
46:07 Onager
48:37 Champi Runner
49:19 Squires
49:55 Caravan
51:00 Champi Warrior
52:24 Elite Champi Warrior
52:53 Arson
59:46 Treadmill Crane
60:17 Masonry
61:28 Town Watch
74:56 Town Patrol
IdleCylinder564
0:32 Loom
12:29 Feudal Age
13:31 Horse Collar
13:39 Double-Bit Axe
14:33 Wheelbarrow
19:42 Castle Age
18:13 Scale Mail Armor
20:04 Forging
21:45 Heavy Plow
21:59 Bow Saw
23:59 Hand Cart
25:50 Iron Casting
28:21 Gambesons
31:43 Squires
36:34 Imperial Age
36:11 Chain Mail Armor
36:38 Elite Varangian Guard
37:04 Arson
36:57 Shield Wall
40:53 Plate Mail Armor
50:49 Elite Skirmisher
50:52 Cranequins
51:46 Thumb Ring
51:55 Fletching
52:06 Padded Archer Armor
56:47 Bodkin Arrow
57:10 Leather Archer Armor
57:53 Elite Hearth Troop
60:21 Man-at-Arms
61:03 Long Swordsman
61:59 Two-Handed Swordsman
64:24 Champion
SnakyPringle
8:10 Loom
10:04 Feudal Age
12:56 Double-Bit Axe
15:13 Castle Age
17:12 Bow Saw
17:31 Horse Collar
21:48 Heavy Plow
23:47 Wheelbarrow
23:47 Gold Mining
23:51 Stone Mining
27:40 Hamask
29:21 Gold Shaft Mining
32:25 Imperial Age
29:22 Pikeman
30:16 Scale Mail Armor
30:26 Forging
31:37 Squires
31:24 Arson
31:27 Gambesons
32:00 Chain Mail Armor
31:36 Fletching
33:08 Iron Casting
33:09 Hand Cart
33:31 Conscription
32:40 Halberdier
32:51 Elite Varangian Guard
34:16 Plate Mail Armor
34:25 Town Watch
35:44 Caravan
37:01 Blast Furnace
36:10 Elite Jomsviking
39:25 Capped Ram
39:48 Northmen's Fury
40:32 Heavy Scorpion
40:40 Siege Ram
41:26 Town Patrol
44:03 Chemistry
43:28 Ballistics
44:09 Chemistry
50:16 Chemistry
50:36 Siege Engineers
58:39 Thumb Ring
58:25 Elite Skirmisher
59:11 Padded Archer Armor
59:39 Bodkin Arrow
60:07 Leather Archer Armor
60:31 Bracer
66:18 Ring Archer Armor
TamerCaribou922
7:15 Loom
9:27 Feudal Age
10:15 Double-Bit Axe
11:21 Horse Collar
11:47 Horse Collar
19:29 Castle Age
19:04 Scale Barding Armor
19:12 Bloodlines
21:27 Heavy Plow
21:40 Bow Saw
21:44 Forging
26:24 Wheelbarrow
34:07 Imperial Age
32:24 Gold Mining
34:24 Iron Casting
34:12 Chain Barding Armor
33:56 Husbandry
38:02 Plate Barding Armor
38:28 Blast Furnace
39:45 Conscription
39:17 Light Cavalry
41:15 Padded Archer Armor
41:06 Fletching
42:23 Elite Skirmisher
44:24 Leather Archer Armor
44:05 Bodkin Arrow
45:44 Bracer
46:16 Ring Archer Armor
58:24 Chemistry
57:45 Ballistics
58:27 Caravan
59:11 Scale Mail Armor
58:36 Elite Varangian Guard
58:55 Gothikon
61:07 Chain Mail Armor
60:54 Gambesons
61:11 Squires
67:13 Arson
71:57 Plate Mail Armor
Connection lost

Rejoining the realm…

Still unreachable

The connection could not be restored.

Session expired

The server has moved on; the page needs a fresh start.